 Dungeon Crawl Stone Soup version 0.23.0-3-gf3c87f2 (webtiles) character file.

Game seed: 3665108285653173485

292800 magipi the Brawler (level 20, -11/198 HPs)
             Began as an Ogre Transmuter on Feb 19, 2019.
             Was a High Priest of Okawaru.
             Shot with a bolt by a yaktaur (37 damage)
             ... led by a yaktaur captain
             ... on level 1 of the Vaults on Feb 21, 2019.
             The game lasted 04:36:47 (57853 turns).

magipi the Brawler (Ogre Transmuter)               Turns: 57853, Time: 04:36:48

Health: -11/198    AC: 10    Str: 20    XL:     20   Next: 81%
Magic:  31/36      EV: 19    Int: 18    God:    Okawaru [*****.]
Gold:   832        SH:  0    Dex: 13    Spells: 11/43 levels left

rFire    . . .     SeeInvis +     - Unarmed
rCold    + . .     Gourm    .   (no shield)
rNeg     + . .     Faith    .   G - +2 robe of Space {Int+3}
rPois    .         Spirit   .   R - +2 hat {MR+}
rElec    .         Reflect  .   X - +2 cloak {+Inv}
rCorr    .         Harm     .   (gloves unavailable)
MR       ++++.                  (boots unavailable)
Stlth    +++.......             A - macabre finger necklace {rN+}
HPRegen  0.43/turn              m - ring of protection from magic
MPRegen  0.25/turn              i - ring of see invisible
                                c - ring of protection from cold

@: heroism
A: large, unfitting armour, tough skin 1
}: 2/15 runes: serpentine, barnacled
a: Heroism, Finesse, Renounce Religion, Evoke Invisibility


You were on level 1 of the Vaults.
You worshipped Okawaru.
Okawaru was extremely pleased with you.
You were very hungry.

You visited 7 branches of the dungeon, and saw 35 of its levels.
You also visited: Sewer, Ossuary and Ice Cave.

You collected 3572 gold pieces.
You spent 2740 gold pieces at shops.

Inventory:

Missiles
 y - 1257 arrows
 O - 37 large rocks (quivered)
 T - a throwing net
Armour
 G - the +2 robe of Space (worn) {Int+3}
   (You took it off a deep elf mage on level 3 of the Elven Halls)

   It affects your intelligence (+3).
 J - a +0 shield
   (You took it off a naga warrior on level 4 of the Snake Pit)
 Q - a +1 robe of fire resistance
   (You took it off a naga on level 4 of the Snake Pit)
 R - a +2 hat of magic resistance (worn)
   (You found it on level 3 of the Lair of Beasts)
 X - a +2 cloak of invisibility (worn)
   (You took it off Nikola on level 2 of the Snake Pit)
Magical Staves
 a - an uncursed staff of earth
   (You found it on level 3 of the Elven Halls)
Jewellery
 c - a ring of protection from cold (on amulet)
   (You found it in an ice cave)
 f - an uncursed ring of fire
   (You found it on level 6 of the Lair of Beasts)
 i - a ring of see invisible (right hand)
   (You found it on level 10 of the Dungeon)
 m - a ring of protection from magic (left hand)
   (You found it on level 14 of the Dungeon)
 p - an uncursed ring of poison resistance
   (You found it on level 2 of the Lair of Beasts)
 r - an uncursed amulet of regeneration
   (You found it on level 13 of the Dungeon)
 A - the macabre finger necklace (around neck) {rN+}
   (You took it off a deep elf mage on level 3 of the Elven Halls)

   [amulet of nothing]

   It protects you from negative energy.
Wands
 d - a wand of digging (2)
   (You took it off Natasha on level 2 of the Dungeon)
 v - a wand of disintegration (4)
   (You found it on level 5 of the Dungeon)
 D - a wand of paralysis (16)
   (You bought it in a shop on level 1 of the Orcish Mines)
 E - a wand of scattershot (4)
   (You found it on level 2 of the Lair of Beasts)
 I - a wand of iceblast (13)
   (You found it on level 5 of the Dungeon)
 K - a wand of enslavement (14)
   (You bought it in a shop on level 1 of the Orcish Mines)
 N - a wand of acid (55)
   (You bought it in a shop on level 1 of the Orcish Mines)
 S - a wand of polymorph (26)
   (You found it in an ice cave)
Scrolls
 j - 28 scrolls of identify
 l - 4 scrolls of blinking
 o - 5 scrolls of magic mapping
 u - 5 scrolls of teleportation
 w - a scroll of summoning
 B - 6 scrolls of fear
 C - 22 scrolls of remove curse
 W - a scroll of torment
Potions
 b - a potion of ambrosia
 h - 5 potions of heal wounds
 k - 3 potions of might
 n - 5 potions of haste
 q - 2 potions of mutation
 s - 7 potions of flight
 t - 5 potions of invisibility
 z - 11 potions of curing
 F - 5 potions of brilliance
 H - 2 potions of cancellation
 P - 3 potions of resistance
 V - 4 potions of lignification
 Y - a potion of magic {unknown}
Miscellaneous
 g - a phial of floods
   (You found it on level 3 of the Elven Halls)
 L - a lamp of fire (inert)
   (You found it on level 12 of the Dungeon)
 M - a fan of gales
   (You found it on level 3 of the Elven Halls)
 Z - a phantom mirror
Comestibles
 x - 29 rations
 U - a chunk of flesh


   Skills:
 - Level 12.3(17.3) Fighting
 - Level 10.0(15.0) Throwing
 - Level 10.7(15.7) Dodging
 * Level 5.7(10.7) Shields
 - Level 15.4(20.4) Unarmed Combat
 - Level 12.0 Spellcasting
 + Level 3.8 Translocations
 - Level 12.0 Transmutations
 - Level 10.0 Ice Magic
 - Level 12.0 Earth Magic
 - Level 2.0 Poison Magic
 - Level 10.0 Invocations
 - Level 10.0 Evocations


You had 11 spell levels left.
You knew the following spells:

 Your Spells              Type           Power        Failure   Level  Hunger
a - Apportation           Tloc           ###...       1%          1    None
b - Blink                 Tloc           N/A          1%          2    None
g - Beastly Appendage     Tmut           ######       1%          1    None
h - Blade Hands           Tmut           ######....   1%          5    ####...
i - Ice Form              Ice/Tmut       ######..     1%          4    ##.....
k - Borgnjor's Vile Clut  Necr/Erth      ####......   16%         5    ####...
p - Spider Form           Tmut/Pois      #####.....   1%          3    None
s - Sticks to Snakes      Tmut           ######..     1%          2    None
t - Confusing Touch       Hex            ##....       6%          1    None
u - Statue Form           Tmut/Erth      ######...    7%          6    ######.
w - Passwall              Tmut/Erth      ######..     1%          2    None

Your spell library contained the following spells:

 Spells                   Type           Power        Failure   Level  Hunger
 Sandblast                Erth           ######       1%          1    None
 Ensorcelled Hibernation  Hex/Ice        ####..       1%          2    None
 Stone Arrow              Conj/Erth      ####..       1%          3    None
 Petrify                  Tmut/Erth      ######..     1%          4    ##.....
 Lee's Rapid Deconstruct  Erth           ######....   1%          5    ####...
 Shroud of Golubria       Chrm/Tloc      ###.......   4%          2    None
 Gell's Gravitas          Tloc           ###.......   4%          3    None
 Lesser Beckoning         Tloc           ###.......   4%          3    None
 Teleport Other           Tloc           ###.....     4%          3    None
 Leda's Liquefaction      Hex/Erth       ####......   5%          4    ##.....
 Animate Skeleton         Necr           N/A          6%          1    None
 Corona                   Hex            ##.....      6%          1    None
 Summon Small Mammal      Summ           ##..         6%          1    None
 Hydra Form               Tmut           ######....   7%          6    ######.
 Recall                   Summ/Tloc      N/A          9%          3    None
 Summon Ice Beast         Ice/Summ       ####....     9%          4    ##.....
 Corpse Rot               Necr           N/A          10%         2    None
 Sublimation of Blood     Necr           ##........   10%         2    None
 Passage of Golubria      Tloc           N/A          13%         4    ##.....
 Yara's Violent Unravell  Hex/Tmut       ####......   16%         5    ####...
 Ozocubu's Refrigeration  Ice            #####.....   16%         6    ######.
 Call Canine Familiar     Summ           ##......     19%         3    None
 Confuse                  Hex            ##......     19%         3    None
 Dazzling Spray           Conj/Hex       ##....       19%         3    None
 Static Discharge         Conj/Air       ##......     19%         3    None
 Tukima's Dance           Hex            ##......     19%         3    None
 Metabolic Englaciation   Hex/Ice        ####......   22%         5    ####...
 Bolt of Magma            Conj/Fire/Erth ####......   34%         5    ####...
 Cause Fear               Hex            ##........   54%         4    ##.....
 Summon Forest            Summ/Tloc      ###.......   63%         5    ####...
 Iron Shot                Conj/Erth      ####......   63%         6    ######.
 Bolt of Cold             Conj/Ice       ####......   77%         6    ######.
 Simulacrum               Ice/Necr       ####......   77%         6    ######.
 Agony                    Necr           ##......     87%         5    ####...
 Bolt of Draining         Conj/Necr      ##........   87%         5    ####...
 Dispel Undead            Necr           ##......     87%         5    ####...
 Excruciating Wounds      Chrm/Necr      ##........   87%         5    ####...
 Lightning Bolt           Conj/Air       ##........   87%         5    ####...
 Silence                  Hex/Air        ##........   87%         5    ####...
 Freezing Cloud           Conj/Ice/Air   ###.......   95%         6    ######.
 Darkness                 Hex            ##........   100%        6    ######.
 Deflect Missiles         Chrm/Air       ##........   100%        6    ######.
 Shadow Creatures         Summ           N/A          100%        6    ######.
 Malign Gateway           Summ/Tloc      ###.......   100%        7    #######
 Monstrous Menagerie      Summ           ##........   100%        7    #######
 Summon Greater Demon     Summ           ##........   100%        7    #######
 Summon Hydra             Summ           ##........   100%        7    #######
 Discord                  Hex            ##........   100%        8    #######
 Ignition                 Fire           ##........   100%        8    #######
 Summon Horrible Things   Summ           ##........   100%        8    #######
 Shatter                  Erth           ######....   100%        9    #######
 Tornado                  Air            ##........   100%        9    #######


Dungeon Overview and Level Annotations

Branches:
Dungeon (15/15)            Temple (0/1) D:5            Lair (6/6) D:8
 Shoals (4/4) Lair:3        Snake (4/4) Lair:3        Slime (0/5) Lair:6
    Orc (2/2) D:9             Elf (3/3) Orc:2        Vaults (1/5) D:14
 Depths (0/5) D:15

Altars:
Cheibriados
Dithmenos
Elyvilon
Fedhas
Gozag
Makhleb
Nemelex Xobeh
Okawaru
Qazlal
Ru
Trog
Yredelemnul
Zin
Beogh

Shops:
D:6 [   D:8 *   D:9 ?   D:10 }   Orc:1 :}(}   Orc:2 %:[*   Shoals:3 *
Snake:1 *   Snake:2 (

Annotations:
Snake:2 2 transporters, coffeespoons's ghost, adept HOFi
Elf:2 5 runed translucent doors


Innate Abilities, Weirdness & Mutations

You are too large for most types of armour.
You have tough skin. (AC +1)


Message History

The stone giant barely misses your adder.
Your adder bites the ironbrand convoker but does no damage.
The ironbrand convoker hits your adder with a +0 morningstar!!
Your adder dies!
The stone giant throws a large rock.
The large rock hits you.
Things that are here:
a +0 dagger; 3 large rocks You gain the combat prowess of a mighty hero.
The yaktaur's soul is no longer bound.
The ironbrand convoker points at the yaktaur and mumbles some strange words.
The yaktaur seems to grow stronger.
The stone giant throws a large rock.
The large rock completely misses you.
Unknown command.
Unknown command.
Unknown command.
You pummel the stone giant!!
The stone giant is moderately wounded.
The stone giant closely misses you.
You completely miss the stone giant.
You punch the stone giant, but do no damage.
The stone giant is moderately wounded.
The stone giant hits you!!
You beat the stone giant into a bloody pulp!!!
The stone giant is almost dead.
The yaktaur's soul is no longer bound.
The stone giant hits you.
The ironbrand convoker points at the stone giant and mumbles some strange words.
The stone giant seems to grow stronger.
You completely miss the stone giant.
The stone giant is almost dead.
The stone giant hits you but does no damage.
You pulverise the stone giant!!!
You kill the stone giant!
Okawaru accepts your kill.
The yaktaur wields a +0 arbalest.
The yaktaur shoots a bolt.
The bolt hits you but does no damage.
The ironbrand convoker casts a spell at the centaur warrior.
The centaur warrior seems to grow stronger.
You pummel the ironbrand convoker!!
The ironbrand convoker is severely wounded.
The ironbrand convoker hits you with a +0 morningstar.
You punch the ironbrand convoker!
The ironbrand convoker is almost dead.
The ironbrand convoker hits you but does no damage.
You beat the ironbrand convoker into a bloody pulp!!!!
You kill the ironbrand convoker!
Okawaru accepts your kill.
The centaur warrior shoots an arrow.
The arrow hits you!
* * * LOW HITPOINT WARNING * * *
The yaktaur shoots a bolt.
The bolt hits you but does no damage.
The centaur warrior shoots an arrow.
The arrow hits you but does no damage.
The centaur warrior shoots an arrow.
The arrow hits you but does no damage.
The ironbrand convoker points at the wraith and mumbles some strange words.
The wraith seems to grow stronger.
The yaktaur shoots a bolt.
The bolt misses you.
The centaur warrior shoots an arrow.
The arrow completely misses you.
Unknown command.
Unknown command.
The centaur warrior unwields a +0 shortbow.
The centaur warrior hits you but does no damage.
Unknown command.
Unknown command.
The yaktaur shouts!
You beat the centaur warrior into a bloody pulp!!!
You kill the centaur warrior!
Okawaru accepts your kill.
Your transformation is almost over.
The yaktaur shoots a bolt.
The bolt misses you. The ironbrand convoker misses you.
Unknown command.
You squash the ironbrand convoker like an ant!!!!
You kill the ironbrand convoker!
Okawaru accepts your kill.
The yaktaur shoots a bolt.
The bolt hits you.
* * * LOW HITPOINT WARNING * * *
The yaktaur wields a cursed -2 arbalest.
The yaktaur shoots a bolt.
The bolt hits you but does no damage.
Unknown command.
The yaktaur shoots a bolt.
The bolt closely misses you.
The yaktaur shoots a bolt.
The bolt hits you.
* * * LOW HITPOINT WARNING * * *
The ironbrand convoker gestures at the yaktaur while chanting.
The yaktaur seems to grow stronger.
The yaktaur shoots a bolt.
The bolt hits you!
* * * LOW HITPOINT WARNING * * *
The yaktaur shoots a bolt.
The bolt hits you!
* * * LOW HITPOINT WARNING * * *
Unknown command.
The yaktaur shoots a bolt.
The bolt hits you.
* * * LOW HITPOINT WARNING * * *
The yaktaur shoots a bolt.
The bolt barely misses you.
Unknown command.
The yaktaur shoots a bolt.
The bolt hits you but does no damage.
Unknown command.
Unknown command.
You punch the yaktaur! You punch the yaktaur.
The yaktaur is lightly wounded.
You revert to your normal fleshy form.
The +2 robe of Space {Int+3} unmelds from your body.
The yaktaur shoots a bolt.
The bolt hits you!!!
You die...

#####################
......((............#
........(...........#
........@c†.........#
#########)########..#
#.p# #cc....# #..#
#pp###pW....# #..#
#p.##.9'......# #..#
#p #.§#......# #..#
.. #.p###......# #..#
#. #.. #......# #..#
.. ..## #......# #..#


You could see an ironbrand convoker, 3 yaktaurs and a wraith.

Vanquished Creatures
  Vashnia (Snake:2)
  Saint Roka (Snake:2)
  Nikola (Snake:2)
  A tentacled monstrosity (Vaults:1)
  2 deep elf blademasters (Elf:3)
  2 deep elf master archers (Elf:3)
  Polyphemus (Shoals:4)
  Kirke (D:14)
  Agnes (D:15)
  Ilsuiw (Shoals:3)
  6 nagarajas
  A frost giant (IceCv)
  An orc warlord (Orc:2)
  A vault warden (Vaults:1)
  7 deep elf sorcerers
  Louise (Snake:2)
  2 ironheart preservers (Vaults:1)
  A caustic shrike skeleton (D:15)
  2 stone giants (Vaults:1)
  5 deep elf elementalists (Elf:3)
  2 very ugly things (Vaults:1)
  A war gargoyle (Vaults:1)
  6 deep elf demonologists
  13 deep elf annihilators
  4 deep elf death magi (Elf:3)
  8 merfolk impalers
  2 fire dragons
  3 merfolk javelineers
  3 deep elf high priests (Elf:3)
  15 naga warriors
  A yaktaur captain (Vaults:1)
  The ghost of EtherCrawl the Covert, a journeyman SpEn of Dithmenos (Lair:3)
  A servant of whispers (Elf:2)
  A catoblepas (Shoals:3)
  11 hydras
  A merfolk avatar (Shoals:2)
  6 centaur warriors
  2 ogre magi
  4 alligator snapping turtles
  4 anacondas
  7 merfolk aquamancers
  A queen ant (D:9)
  12 two-headed ogres
  13 dancing weapons
  5 shock serpents
  6 orc high priests
  8 death yaks
  18 deep elf knights
  12 naga sharpshooters
  Nergalle (Lair:3)
  The ghost of soark the Destroyer, a novice DECj of Vehumet (D:9)
  10 sea snakes
  A shadow wraith (Vaults:1)
  2 skeletal warriors (D:14)
  A deep troll (D:14)
  2 salamander mystics
  2 unseen horrors
  A swamp dragon (Lair:6)
  A flayed ghost (D:15)
  2 cherubim (D:13)
  A kraken simulacrum (Shoals:4)
  A phantasmal warrior (D:14)
  2 wizards
  3 ironbrand convokers (Vaults:1)
  A naga ritualist (Snake:3)
  9 deep elf archers
  8 orc knights
  2 necromancers
  A lindwurm (Lair:6)
  14 harpies
  2 orc sorcerers
  43 deep elf magi
  6 fauns (Shoals:1)
  16 ugly things
  3 mana vipers
  3 cyclopes
  A stone giant zombie (D:15)
  13 manticores
  8 elephants
  5 salamanders
  An elephant (shapeshifter) (D:14)
  2 guardian serpents (Snake:4)
  29 black mambas
  11 merfolk sirens
  An ice statue (IceCv)
  17 naga magi
  2 water nymphs
  9 spiny frogs
  A gargoyle (D:10)
  2 kobold demonologists
  A komodo dragon (shapeshifter) (Vaults:1)
  4 rime drakes
  4 komodo dragons
  2 efreet (D:15)
  A yaktaur (Vaults:1)
  A troll (shapeshifter) (D:14)
  31 merfolk
  5 wind drakes
  3 trolls
  20 polar bears (IceCv)
  16 blink frogs
  3 saltlings (Elf:2)
  A hornet (shapeshifter) (Vaults:1)
  10 hippogriffs
  13 dream sheep
  6 slime creatures (Vaults:1)
  A snapping turtle (shapeshifter) (Vaults:1)
  2 spriggan zombies (D:15)
  10 snapping turtles
  18 water elementals
  A spriggan (D:7)
  3 air elementals
  2 shadows
  25 yaks
  2 wyverns
  2 steam dragons (Lair:6)
  9 basilisks
  2 vampire mosquitoes (D:15)
  52 nagas
  5 wargs
  3 acid dragons
  20 soldier ants
  Duvessa (D:6)
  9 water moccasins
  6 porcupines
  A sky beast (D:10)
  12 ice beasts
  43 orc warriors
  2 phantoms
  A black bear (shapeshifter) (D:15)
  2 black bears
  17 ogres
  7 necrophages
  35 wolves
  16 centaurs
  15 crocodiles
  15 big kobolds
  3 elf zombies (Ossuary)
  11 bullfrogs
  3 earth elementals
  A wyvern zombie (D:14)
  Dowan (D:6)
  5 scorpions
  A wyvern skeleton (D:13)
  5 killer bees (D:12)
  An orc simulacrum (Vaults:1)
  5 wights (D:9)
  2 howler monkeys
  An electric eel (Lair:1)
  17 crimson imps
  A bullfrog zombie (D:12)
  6 centaur zombies
  2 quasits
  3 human zombies (Ossuary)
  10 orc priests
  4 jellies
  2 bullfrog skeletons
  8 hounds
  A gnoll shaman (D:8)
  5 centaur skeletons
  6 iguanas
  Jessica (D:3)
  Natasha (thrice) (D:2)
  40 worker ants
  23 orc wizards
  2 hound zombies
  2 hound skeletons
  A killer bee simulacrum (D:9)
  4 mummies
  A worker ant zombie (D:10)
  A howler monkey zombie (D:11)
  10 gnolls
  12 adders
  A hound simulacrum (D:9)
  3 shadow imps
  3 white imps (D:9)
  9 oozes
  4 adder zombies (Ossuary)
  4 adder skeletons
  A worm (D:5)
  2 dart slugs
  20 leopard geckos
  92 orcs
  18 ball pythons
  18 giant cockroaches
  15 goblins
  15 hobgoblins
  14 jackals
  4 quokkas
  7 bats
  22 frilled lizards
  A gnoll zombie (Ossuary)
  2 goblin zombies
  2 hobgoblin zombies (Ossuary)
  3 jackal zombies (Ossuary)
  28 kobolds
  5 kobold zombies
  A leopard gecko zombie (D:5)
  3 orc zombies (Ossuary)
  A quokka zombie (Ossuary)
  12 rats
  8 rat zombies (Ossuary)
  3 crawling corpses (Elf:3)
  3 fungi
  A tentacle (Shoals:4)
1440 creatures vanquished.

Vanquished Creatures (collateral kills)
  An orc warlord (Orc:1)
  A minotaur (Lair:3)
  2 anacondas (Snake:2)
  An orc knight (Orc:1)
  2 black mambas (Snake:2)
  An orc warrior (D:6)
  A lava snake (Snake:2)
  An orc wizard (D:6)
  Robin (D:2)
  An adder (Snake:2)
  A leopard gecko (D:6)
  An orc (Orc:1)
  2 goblins (D:2)
  A frilled lizard (D:2)
  A kobold (D:9)
18 creatures vanquished.

Vanquished Creatures (others)
  A deep elf death mage (Elf:2)
  A hydra (Lair:6)
  A deep elf mage (Elf:2)
  An orc warrior (Orc:2)
  A wolf (IceCv)
  An adder simulacrum (D:9)
  An orc (Orc:1)
  19 fungi
  12 plants
  3 tentacles (Shoals:4)
  2 withered plants (D:15)
43 creatures vanquished.

Grand Total: 1501 creatures vanquished

Notes
Turn   | Place    | Note
-------+----------+-------------------------------------------
     0 | D:1      | magipi the Ogre Transmuter began the quest for the Orb.
     0 | D:1      | Reached XP level 1. HP: 19/19 MP: 3/3
   106 | D:1      | Reached XP level 2. HP: 17/28 MP: 3/5
   126 | D:1      | Learned a level 2 spell: Sticks to Snakes
   354 | D:1      | Reached XP level 3. HP: 24/35 MP: 5/7
   533 | D:1      | Reached skill level 3 in Unarmed Combat
   710 | D:1      | Learned a level 3 spell: Spider Form
  1022 | D:2      | Found an iron altar of Okawaru.
  1033 | D:2      | Noticed Natasha
  1035 | D:2      | Became a worshipper of Warmaster Okawaru
  1121 | D:2      | Killed Natasha
  1121 | D:2      | Reached skill level 1 in Poison Magic
  1121 | D:2      | Reached XP level 4. HP: 34/42 MP: 5/8
  1132 | D:2      | Noticed Natasha
  1188 | D:2      | Killed Natasha
  1287 | D:2      | Noticed Natasha
  1295 | D:2      | Killed Natasha
  1295 | D:2      | Reached XP level 5. HP: 27/49 MP: 3/10
  1714 | D:2      | Noticed Robin
  1738 | D:2      | Killed Robin
  2258 | D:3      | Learned a level 4 spell: Ice Form
  2361 | D:3      | Found a snail-covered altar of Cheibriados.
  2361 | D:3      | Found a glowing silver altar of Zin.
  2414 | D:3      | Noticed Jessica
  2429 | D:3      | Killed Jessica
  2429 | D:3      | Reached * piety under Okawaru
  2429 | D:3      | Reached XP level 6. HP: 49/57 MP: 8/11
  2972 | D:4      | Reached skill level 10 in Transmutations
  2972 | D:4      | Reached XP level 7. HP: 14/65 MP: 13/13
  3154 | D:4      | Found a sand-covered staircase.
  3161 | Ossuary  | Entered an ossuary
  3403 | Ossuary  | Reached XP level 8. HP: 72/72 MP: 14/14
  3416 | Ossuary  | Reached ** piety under Okawaru
  3723 | Ossuary  | Reached skill level 4 in Unarmed Combat
  4565 | D:5      | Entered Level 5 of the Dungeon
  4791 | D:5      | Found a sparkling altar of Nemelex Xobeh.
  4792 | D:5      | Found a blossoming altar of Fedhas.
  4800 | D:5      | Reached skill level 5 in Unarmed Combat
  4976 | D:5      | Reached XP level 9. HP: 70/79 MP: 10/15
  5329 | D:5      | Found a staircase to the Ecumenical Temple.
  5492 | D:5      | Reached *** piety under Okawaru
  5695 | D:6      | Found a glowing drain.
  5719 | Sewer    | Entered a sewer
  6001 | Sewer    | Reached skill level 6 in Unarmed Combat
  6273 | D:6      | Found Geong's Armour Shop.
  6281 | D:6      | Bought a +2 cloak for 214 gold pieces
  6611 | D:6      | Found a basalt altar of Yredelemnul.
  6684 | D:6      | Noticed Dowan
  6688 | D:6      | Noticed Duvessa
  6700 | D:6      | Killed Duvessa
  6704 | D:6      | Killed Dowan
  7554 | D:7      | Reached skill level 7 in Unarmed Combat
  7788 | D:8      | Found a staircase to the Lair.
  7831 | D:8      | Reached XP level 10. HP: 94/94 MP: 16/16
  7946 | D:8      | Found an opulent altar of Gozag.
  8032 | D:8      | Reached **** piety under Okawaru
  8080 | D:8      | Found Jejurch Yczoi's Assorted Antiques.
  8111 | D:8      | Bought a lead wand for 108 gold pieces
  8167 | D:8      | Reached skill level 5 in Fighting
  8707 | D:9      | Found a runed translucent gate.
  8707 | D:9      | Found a runed translucent gate.
  8707 | D:9      | Found a runed translucent gate.
  8739 | D:9      | Noticed a kobold demonologist
  8797 | D:9      | Killed a kobold demonologist
  8797 | D:9      | Reached skill level 8 in Unarmed Combat
  9018 | D:9      | Found Nexze's Magic Scroll Boutique.
  9091 | D:9      | Noticed soark's ghost (novice DECj)
  9337 | D:9      | Reached ***** piety under Okawaru
  9886 | D:9      | Found a staircase to the Orcish Mines.
 10078 | D:9      | Found a sacrificial altar of Ru.
 10078 | D:9      | Found a white marble altar of Elyvilon.
 10434 | D:9      | Reached skill level 9 in Unarmed Combat
 10434 | D:9      | Reached XP level 11. HP: 109/109 MP: 11/17
 10652 | D:9      | Noticed a queen ant
 10688 | D:9      | Killed a queen ant
 11393 | D:9      | Found a faded altar of an unknown god.
 11395 | D:9      | Found a faded altar of an unknown god.
 11396 | D:9      | Found a burning altar of Makhleb.
 11468 | D:10     | Entered Level 10 of the Dungeon
 11469 | D:10     | Found Orawut's Gadget Shoppe.
 11748 | D:9      | Reached skill level 10 in Unarmed Combat
 11808 | D:10     | Bought a wand of paralysis (6) for 112 gold pieces
 12074 | D:10     | Reached ****** piety under Okawaru
 12213 | D:10     | Noticed an unseen horror
 12225 | D:10     | Killed an unseen horror
 12225 | D:10     | Received a gift from Okawaru
 12254 | D:10     | Got a transparent robe {god gift}
 12423 | D:9      | Identified the +1 robe "Bantall" {+Inv rElec Str+4 Int-3}
                  | (Okawaru gifted it to you on level 10 of the Dungeon)
 12974 | Lair:1   | Entered Level 1 of the Lair of Beasts
 13256 | Lair:1   | Reached XP level 12. HP: 123/123 MP: 14/19
 13274 | Lair:1   | Reached skill level 5 in Spellcasting
 14177 | Lair:2   | Reached skill level 11 in Unarmed Combat
 14996 | Lair:2   | Reached skill level 10 in Fighting
 15559 | Lair:3   | Found a staircase to the Snake Pit.
 15630 | Lair:3   | Noticed a six-headed hydra
 15663 | Lair:3   | Killed a six-headed hydra
 16028 | Lair:3   | Found a runed translucent gate.
 16029 | Lair:3   | Found a runed translucent gate.
 16030 | Lair:3   | Found a runed translucent gate.
 16034 | Lair:3   | Noticed EtherCrawl's ghost (journeyman SpEn)
 16035 | Lair:3   | Noticed a minotaur
 16197 | Lair:3   | Noticed Nergalle
 16255 | Lair:3   | Killed Nergalle
 16498 | Lair:3   | Found a staircase to the Shoals.
 16616 | Lair:4   | Noticed a four-headed hydra
 16912 | Lair:4   | Reached XP level 13. HP: 135/135 MP: 19/23
 17062 | Lair:4   | Reached skill level 12 in Unarmed Combat
 17216 | Lair:4   | Received a gift from Okawaru
 17216 | Lair:4   | Reached skill level 5 in Dodging
 17951 | Lair:4   | Found a stormy altar of Qazlal.
 18026 | Lair:4   | Upgraded the game from 0.23.0-2-g0fe3ce5 to
                  | 0.23.0-3-gf3c87f2
 18256 | Lair:4   | Found the +7 mace of Variability {chain chaos}
 18777 | D:11     | Reached skill level 1 in Throwing
 19674 | D:12     | Received a gift from Okawaru
 19993 | D:12     | Learned a level 5 spell: Blade Hands
 20503 | Orc:1    | Entered Level 1 of the Orcish Mines
 20503 | Orc:1    | Found Pibuesk's Book Boutique.
 21107 | Orc:1    | Found Zuelax's Gadget Boutique.
 21233 | Orc:1    | Bought a wand of enslavement (6) for 112 gold pieces
 21233 | Orc:1    | Bought a wand of acid (7) for 308 gold pieces
 21319 | Orc:1    | Found Humpoll's Antique Weapon Boutique.
 21320 | Orc:1    | Found Ihicuus's Gadget Shop.
 21381 | Orc:1    | Reached skill level 13 in Unarmed Combat
 22039 | Orc:2    | Entered Level 2 of the Orcish Mines
 22146 | Orc:2    | Noticed an orc warlord
 22149 | Orc:2    | Found Tenou's General Store.
 22524 | Orc:2    | Reached XP level 14. HP: 146/146 MP: 20/26
 22912 | Orc:1    | Killed an orc warlord
 23166 | Orc:2    | Bought a potion of heal wounds for 60 gold pieces
 23175 | Orc:2    | Found a staircase to the Elven Halls.
 23206 | Orc:2    | Found a roughly hewn altar of Beogh.
 23219 | Orc:2    | Found Oclunol's Book Emporium.
 23357 | Orc:2    | Noticed an orc warlord
 24288 | Orc:2    | Killed an orc warlord
 24288 | Orc:2    | Reached skill level 1 in Invocations
 24445 | Orc:2    | Found Xedeiqo's Food Shoppe.
 24720 | Orc:2    | Reached skill level 1 in Evocations
 24816 | Orc:2    | Received a gift from Okawaru
 24956 | Orc:2    | Found Hoblowac's Antique Armour Boutique.
 24965 | Orc:2    | Bought an embroidered cloak for 157 gold pieces
 24997 | Orc:2    | Found Iqoem's Antique Weapon Emporium.
 25200 | Orc:2    | Bought 2 scrolls of magic mapping for 84 gold pieces
 25200 | Orc:2    | Bought a scroll of magic mapping for 42 gold pieces
 25200 | Orc:2    | Bought a scroll of identify for 24 gold pieces
 25530 | D:13     | Received a gift from Okawaru
 25562 | D:13     | Identified the +2 buckler of Blue Skies {rElec rF+ rCorr}
 25666 | D:13     | Reached skill level 5 in Throwing
 26587 | D:14     | Reached skill level 14 in Unarmed Combat
 26593 | D:14     | Noticed Kirke
 27029 | D:14     | Received a gift from Okawaru
 27597 | D:14     | Found a gate to the Vaults.
 27773 | D:14     | Killed Kirke
 27860 | D:14     | Reached XP level 15. HP: 87/153 MP: 22/27
 28144 | D:15     | Entered Level 15 of the Dungeon
 28172 | D:14     | Received a gift from Okawaru
 28186 | D:14     | Identified the +3 arbalest of Okawaru's Regard {elec, rC-
                  | rN+ Int+3 Stlth+} (Okawaru gifted it to you on level 14 of
                  | the Dungeon)
 28413 | D:15     | Reached skill level 5 in Invocations
 28553 | D:15     | Noticed Agnes
 28573 | D:15     | Found a staircase to the Depths.
 29058 | Lair:3   | Killed EtherCrawl's ghost
 29196 | Lair:3   | HP: 4/183 [minotaur/poisoned javelin (20)]
 29203 | Lair:3   | HP: 6/183 [poisoned by a minotaur]
 29350 | D:9      | Bought a scroll of teleportation for 45 gold pieces
 29350 | D:9      | Bought a scroll of fear for 52 gold pieces
 29350 | D:9      | Bought a scroll of summoning for 142 gold pieces
 30018 | Lair:5   | Received a gift from Okawaru
 30696 | Lair:6   | Entered Level 6 of the Lair of Beasts
 30886 | Lair:6   | Found a frozen archway.
 30895 | Lair:6   | Reached skill level 5 in Evocations
 30905 | Lair:6   | Received a gift from Okawaru
 30919 | IceCv    | Entered an ice cave
 31642 | IceCv    | Noticed a frost giant
 31663 | IceCv    | Killed a frost giant
 31663 | IceCv    | Received a gift from Okawaru
 32095 | Lair:6   | Found a staircase to the Slime Pits.
 32393 | Lair:6   | Reached XP level 16. HP: 160/160 MP: 28/28
 33164 | Lair:6   | Received a gift from Okawaru
 33633 | D:15     | Found a shadowy altar of Dithmenos.
 34015 | D:15     | Killed Agnes
 34122 | D:15     | Reached skill level 10 in Dodging
 34777 | D:9      | Killed soark's ghost
 34939 | Snake:1  | Entered Level 1 of the Snake Pit
 35494 | Snake:1  | Received a gift from Okawaru
 35893 | Snake:1  | Found Mnymystah's Merry Market.
 36166 | Orc:1    | Bought a wand of paralysis (14) for 240 gold pieces
 36339 | Shoals:1 | Entered Level 1 of the Shoals
 36969 | Shoals:1 | Reached skill level 10 in Throwing
 37186 | Shoals:1 | Reached skill level 10 in Invocations
 38328 | Shoals:2 | Reached XP level 17. HP: 168/168 MP: 27/29
 38796 | Shoals:2 | Received a gift from Okawaru
 39297 | Shoals:3 | Reached skill level 10 in Evocations
 39324 | Shoals:3 | Received a gift from Okawaru
 39492 | Shoals:3 | Noticed Ilsuiw
 39501 | Shoals:3 | HP: 7/168 [harpy (3)]
 39501 | Shoals:3 | HP: 3/168 [harpy (4)]
 41053 | Shoals:3 | Killed Ilsuiw
 41128 | Shoals:3 | Found Voanwe's Mayhem Merchandise.
 41485 | Shoals:4 | Entered Level 4 of the Shoals
 41550 | Shoals:4 | Noticed Polyphemus
 41958 | Shoals:4 | Killed Polyphemus
 42594 | Shoals:4 | Received a gift from Okawaru
 43181 | Shoals:4 | Reached skill level 10 in Spellcasting
 43527 | Shoals:4 | Got a barnacled rune of Zot
 43929 | Snake:2  | Noticed Nikola
 43939 | Snake:2  | Noticed Louise
 43954 | Snake:2  | Killed Nikola
 43954 | Snake:2  | Reached XP level 18. HP: 95/179 MP: 11/32
 43959 | Snake:2  | Killed Louise
 44280 | Snake:2  | Learned a level 2 spell: Passwall
 44378 | Snake:2  | Received a gift from Okawaru
 44425 | Snake:2  | Reached skill level 10 in Ice Magic
 44425 | Snake:2  | Reached skill level 1 in Earth Magic
 44447 | Snake:2  | Noticed Saint Roka
 44474 | Snake:2  | Killed Saint Roka
 44474 | Snake:2  | Received a gift from Okawaru
 44474 | Snake:2  | Received a gift from Okawaru
 44700 | Snake:2  | Found a bloodstained altar of Trog.
 44700 | Snake:2  | Noticed coffeespoons's ghost (adept HOFi)
 44710 | Snake:2  | Identified the +4 mace "Rajop" {vamp, rElec rC+++ Dex+7}
 44718 | Snake:2  | Identified the +7 dire flail of Objectivity {venom, Int+4
                  | SInv Stlth+}
 44725 | Snake:2  | Found a transporter.
 44727 | Snake:2  | Found a transporter.
 44841 | Snake:2  | Found Soodgh's Antique Weapon Boutique.
 45465 | Snake:2  | Noticed Vashnia
 45504 | Snake:2  | Killed Vashnia
 47137 | Snake:3  | Reached skill level 5 in Earth Magic
 47884 | Snake:4  | Entered Level 4 of the Snake Pit
 48751 | Snake:4  | Received a gift from Okawaru
 49078 | Snake:4  | Received a gift from Okawaru
 49081 | Snake:4  | Identified the +9 bardiche "Vameugei" {antimagic, MR+
                  | Stlth+} (Okawaru gifted it to you on level 4 of the Snake
                  | Pit)
 49737 | Snake:4  | Reached XP level 19. HP: 185/185 MP: 29/34
 50661 | Elf:1    | Entered Level 1 of the Elven Halls
 51196 | Orc:1    | Bought a book of the Earth for 1040 gold pieces
 51206 | Orc:1    | Learned a level 6 spell: Statue Form
 51728 | Elf:1    | Reached skill level 15 in Unarmed Combat
 52202 | Elf:2    | Received a gift from Okawaru
 52710 | Elf:2    | Found a ruined gateway.
 53058 | Elf:2    | Found a huge runed translucent gate.
 53058 | Elf:2    | Found a huge runed translucent gate.
 53058 | Elf:2    | Found a huge runed translucent gate.
 53058 | Elf:2    | Found a huge runed translucent gate.
 53061 | Elf:2    | Found a huge runed translucent gate.
 53719 | Snake:4  | Got a serpentine rune of Zot
 54043 | Elf:3    | Entered Level 3 of the Elven Halls
 54268 | Elf:3    | Reached skill level 10 in Earth Magic
 55108 | Elf:3    | Identified the +7 plate armour of Failure {-Cast rC+ Dex+7}
 55115 | Elf:3    | Received a gift from Okawaru
 55385 | Elf:3    | Reached XP level 20. HP: 195/195 MP: 19/36
 55385 | Elf:3    | Identified the +2 leather armour "Koygeuw" {MR+ rCorr Int-5
                  | Dex+3}
 55422 | Elf:3    | Received a gift from Okawaru
 56100 | Elf:3    | Identified the +3 flail "Worm" {freeze, rF+ rC- Int+10
                  | Stlth+}
 56100 | Elf:3    | Identified the +2 robe of Space {Int+3}
 56110 | Elf:3    | Identified the +7 falchion "Muzu" {slice, rElec rC- rN++
                  | MP+9}
 56117 | Elf:3    | Received a gift from Okawaru
 56148 | Elf:3    | Noticed a Tzitzimitl
 56206 | Elf:3    | Received a gift from Okawaru
 56376 | Elf:3    | Found the +8 longbow "Zephyr" {speed, Dex+3 SInv}
 56407 | Elf:3    | Learned a level 1 spell: Apportation
 56410 | Elf:3    | Learned a level 2 spell: Blink
 56412 | Elf:3    | Learned a level 1 spell: Confusing Touch
 56418 | Elf:3    | Learned a level 5 spell: Borgnjor's Vile Clutch
 56467 | Elf:3    | Identified Luschot's Disquisition on Companions
 57086 | Vaults:1 | Entered Level 1 of the Vaults
 57137 | Vaults:1 | Reached skill level 1 in Shields
 57162 | Vaults:1 | Reached skill level 1 in Translocations
 57812 | Vaults:1 | Reached skill level 5 in Shields
 57853 | Vaults:1 | Shot with a bolt by a yaktaur

Skill      XL: |  1  2  3  4  5  6  7  8  9 10 11 12 13 14 15 16 17 18 19 20 |
---------------+-------------------------------------------------------------+-----
Dodging        | 2 3 4 6 8 9 10 | 10.7
Transmutations | 2 3 10 11 12 | 12.0
Fighting       | 2 4 7 9 10 11 12 | 12.3
Unarmed Combat | 3 5 7 9 10 11 13 14 15 | 15.4
Spellcasting   | 3 4 6 8 10 11 12 | 12.0
Poison Magic   | 1 2 |  2.0
Ice Magic      | 6 8 9 10 | 10.0
Throwing       | 3 6 8 10 | 10.0
Invocations    | 4 7 10 | 10.0
Evocations     | 3 5 8 10 | 10.0
Earth Magic    | 7 12 | 12.0
Shields        | 5 |  5.7
Translocations | 3 |  3.8

Action                   |  1- 3 |  4- 6 |  7- 9 | 10-12 | 13-15 | 16-18 | 19-21 || total
-------------------------+-------+-------+-------+-------+-------+-------+-------++-------
Melee: Unarmed           |   110 |   167 |   501 |   676 |  1095 |  1243 |   627 ||  4419
       Kick              |     5 |       |     2 |       |     1 |       |       ||     8
       Headbutt          |     3 |     3 |     1 |       |       |       |       ||     7
       Punch             |     1 |       |     1 |     1 |    10 |    20 |    38 ||    71
Throw: Large rock        |       |       |       |       |       |     3 |     1 ||     4
 Cast: Beastly Appendage |    11 |     3 |     2 |       |     1 |       |       ||    17
       Spider Form       |     1 |     9 |       |       |     1 |       |     1 ||    12
       Sticks to Snakes  |       |     2 |     8 |    15 |    77 |    18 |    12 ||   132
       Ice Form          |       |       |    43 |    57 |    92 |   101 |    23 ||   316
       Blade Hands       |       |       |       |       |     3 |    11 |     3 ||    17
       Statue Form       |       |       |       |       |       |       |    32 ||    32
       Blink             |       |       |       |       |       |       |     1 ||     1
Invok: Heroism           |       |       |     1 |    12 |    53 |    42 |    16 ||   124
       Finesse           |       |       |       |       |     2 |     1 |     1 ||     4
 Abil: End Transformatio |       |       |       |       |       |     8 |     4 ||    12
Evoke: Wand              |       |       |       |     6 |    12 |    60 |     8 ||    86
       Lamp of fire      |       |       |       |       |     1 |     2 |     4 ||     7
  Use: Scroll            |       |     7 |     9 |     6 |    10 |    10 |     4 ||    46
       Potion            |       |     4 |     3 |       |     2 |    14 |     1 ||    24
 Stab: Sleeping          |       |     2 |     9 |     3 |     2 |     1 |       ||    17
       Distracted        |       |       |     1 |     3 |     2 |     1 |     2 ||     9
       Paralysed         |       |       |       |       |       |    18 |       ||    18
  Eat: Chunk             |     1 |     7 |    22 |    33 |    46 |    36 |    19 ||   164
       Ration            |       |       |     1 |     2 |     5 |    10 |     8 ||    26
Armor: Robe              |    45 |    23 |    16 |    20 |    32 |    47 |    10 ||   193
       Skin              |     1 |     6 |    99 |   124 |   143 |   114 |   326 ||   813
Dodge: Dodged            |    71 |   110 |   239 |   345 |   716 |   857 |   405 ||  2743

Action                   |  1- 3 |  4- 6 |  7- 9 | 10-12 | 13-15 | 16-18 | 19-21 || total
-------------------------+-------+-------+-------+-------+-------+-------+-------++-------
Melee: Unarmed           |   110 |   167 |   501 |   676 |  1095 |  1243 |   627 ||  4419
       Kick              |     5 |       |     2 |       |     1 |       |       ||     8
       Headbutt          |     3 |     3 |     1 |       |       |       |       ||     7
       Punch             |     1 |       |     1 |     1 |    10 |    20 |    38 ||    71
Throw: Large rock        |       |       |       |       |       |     3 |     1 ||     4
 Cast: Beastly Appendage |    11 |     3 |     2 |       |     1 |       |       ||    17
       Spider Form       |     1 |     9 |       |       |     1 |       |     1 ||    12
       Sticks to Snakes  |       |     2 |     8 |    15 |    77 |    18 |    12 ||   132
       Ice Form          |       |       |    43 |    57 |    92 |   101 |    23 ||   316
       Blade Hands       |       |       |       |       |     3 |    11 |     3 ||    17
       Statue Form       |       |       |       |       |       |       |    32 ||    32
       Blink             |       |       |       |       |       |       |     1 ||     1
Invok: Heroism           |       |       |     1 |    12 |    53 |    42 |    16 ||   124
       Finesse           |       |       |       |       |     2 |     1 |     1 ||     4
 Abil: End Transformatio |       |       |       |       |       |     8 |     4 ||    12
Evoke: Wand              |       |       |       |     6 |    12 |    60 |     8 ||    86
       Lamp of fire      |       |       |       |       |     1 |     2 |     4 ||     7
  Use: Scroll            |       |     7 |     9 |     6 |    10 |    10 |     4 ||    46
       Potion            |       |     4 |     3 |       |     2 |    14 |     1 ||    24
 Stab: Sleeping          |       |     2 |     9 |     3 |     2 |     1 |       ||    17
       Distracted        |       |       |     1 |     3 |     2 |     1 |     2 ||     9
       Paralysed         |       |       |       |       |       |    18 |       ||    18
  Eat: Chunk             |     1 |     7 |    22 |    33 |    46 |    36 |    19 ||   164
       Ration            |       |       |     1 |     2 |     5 |    10 |     8 ||    26
Armor: Robe              |    45 |    23 |    16 |    20 |    32 |    47 |    10 ||   193
       Skin              |     1 |     6 |    99 |   124 |   143 |   114 |   326 ||   813
Dodge: Dodged            |    71 |   110 |   239 |   345 |   716 |   857 |   405 ||  2743
